 Dungeon Crawl Stone Soup version 0.29-a0-721-g7f417c9bbb (webtiles) character file.

Game seed: 12894290897887632034

9 Shayle the Grasshopper (level 2, 0/26 HPs)
             Began as a Naga Warper on June 27, 2022.
             Slain by a worm (6 damage)
             ... on level 1 of the Dungeon.
             The game lasted 00:01:17 (480 turns).

Shayle the Grasshopper (Naga Warper)                 Turns: 480, Time: 00:01:17

Health: 0/26       AC:  3    Str: 13    XL:     2   Next: 16%
Magic:  5/5        EV:  5    Int: 13    God:
Gold:   34         SH:  8    Dex: 10    Spells: 5/5 levels left

rFire   . . .      SeeInvis +   f - +0 spear
rCold   . . .      Faith    .   g - +2 kite shield
rNeg    . . .      Spirit   .   d - +0 scale mail
rPois   +          Reflect  .   (no helmet)
rElec   .          Harm     .   (no cloak)
rCorr   .          Rampage  .   (no gloves)
Will    .....                   (no barding)
Stlth   ..........              (no amulet)
HPRegen 0.08/turn               (no ring)
MPRegen 0.09/turn               (no ring)

@: short of breath, very slow
A: AC +0, large, see invisible, deformed body, poison resistance, slowness 2,
spit poison 1, naga tail 1
a: Spit Poison


You were on level 1 of the Dungeon.
You visited 1 branch of the dungeon, and saw 1 of its levels.

You collected 34 gold pieces.

Inventory:

Hand Weapons
 f - a +0 spear (weapon)
Missiles
 c - a boomerang of dispersal (quivered)
Armour
 a - a +0 leather armour
 d - a +0 scale mail (worn)
 g - a +2 kite shield (worn)
Scrolls
 b - a scroll of blinking
 e - a scroll of poison {unknown}


   Skills:
 + Level 2.1 Fighting
 - Level 0.8 Throwing
 - Level 0.7 Armour
 - Level 1.5 Dodging
 + Level 1.0 Stealth
 * Level 2.3 Unarmed Combat
 + Level 2.1 Spellcasting
 - Level 3.0 Translocations


You had 5 spell levels left.
You didn't know any spells.
Your spell library contained the following spells:

 Spells                   Type           Power      Damage    Failure   Level
 Blink                    Tloc           18%        N/A       82%         2
 Gell's Gravitas          Tloc           9%         N/A       96%         3
 Lesser Beckoning         Tloc           9%         N/A       96%         3
 Teleport Other           Tloc           9%         N/A       96%         3
 Manifold Assault         Tloc           9%         N/A       100%        5


Dungeon Overview and Level Annotations

Branches:
Dungeon (1/15)

Altars:


Innate Abilities, Weirdness & Mutations

Your serpentine skin is tough. (AC +0)
You have supernaturally acute eyesight. (SInv)
Armour fits poorly on your strangely shaped body.
Your system is resistant to poisons. (rPois)
You cover ground very slowly.
You can spit poison.
You have a snake-like lower body.


Message History

The worm is moderately wounded.
The worm bites you.
You hit the worm but do no damage.
The worm is moderately wounded.
The worm bites you but does no damage.
You hit the worm but do no damage.
The worm is moderately wounded.
You block the worm's attack.
You hit the worm.
The worm is moderately wounded.
You hit the worm.
The worm is moderately wounded.
The worm bites you but does no damage.
You hit the worm but do no damage.
The worm is moderately wounded.
The worm barely misses you.
You completely miss the worm.
The worm is moderately wounded.
The worm bites you!
You completely miss the worm.
The worm is moderately wounded.
You hit the worm.
The worm is moderately wounded.
The worm bites you.
You hit the worm.
The worm is heavily wounded.
The worm bites you.
* * * LOW HITPOINT WARNING * * *
You hit the worm but do no damage.
The worm is heavily wounded.
You block the worm's attack.
Aiming: Spit Poison (2% risk of failure)
Press: ? - help, Shift-Dir - straight line, f - worm
Aim: a worm (moderately wounded, 86% to hit)
The splash of poison hits the worm.
The worm is poisoned.
The worm is heavily wounded.
You hit the worm but do no damage.
The worm is heavily wounded.
The worm bites you.
You die...

#... ##### #.^..
#...######
#..w..
#........#
..^...
#........# #....
#........# ...
###........###.#
#..........@w..#
#.#.#.##########
#.#.#.#####...
#.............
#........##.
###.##...#
####.##...#
..........#
........###


You could see a worm (poisoned).

Vanquished Creatures
  4 endoplasms (D:1)
  A hobgoblin (D:1)
  A frilled lizard (D:1)
  A goblin (D:1)
  A kobold (D:1)
  A rat (D:1)
9 creatures vanquished.

Notes
Turn   | Place    | Note
-------+----------+-------------------------------------------
     0 | D:1      | Shayle the Naga Warper began the quest for the Orb.
     0 | D:1      | Reached XP level 1. HP: 19/19 MP: 3/3
   201 | D:1      | Reached skill level 1 in Stealth
   201 | D:1      | Reached XP level 2. HP: 14/26 MP: 5/5
   480 | D:1      | Slain by a worm

Illustrated notes

Levels and vault maps discovered:
D:1:      matt_arrival_spirals, layout_basic,
          dreamdust_ecumenical_altar_angels_and_demons, nicolae_wormholes

Skill      XL: |  1 |
---------------+----+-----
Stealth        | 1 |  1.0
Fighting       | |  2.1
Throwing       | |  0.8
Armour         | |  0.7
Dodging        | |  1.5
Unarmed Combat | |  2.3
Spellcasting   | |  2.1
Translocations | |  3.0

Action                   || total
-------------------------++-------
Melee: Spear             ||    39
       Unarmed           ||     1
Throw: Boomerang         ||     6
 Abil: Spit Poison       ||     4
Armor: Scale mail        ||     9
Dodge: Dodged            ||     9
Block: Kite shield       ||     7

Table legend: (Time is in decaauts)
 A = Elapsed time spent in this place.
 B = Non-inter-level travel time spent in this place.
 C = Inter-level travel time spent in this place.
 D = Time resting spent in this place.
 E = Time spent auto-exploring this place.
 F = Levels seen in this place.
 G = Mean time per level.
                   A        B        C        D        E       F      G
               +--------+--------+--------+--------+--------+-----+--------+
         Total |    576 |    576 |      0 |    166 |    267 |   1 |  576.0 |
       Dungeon |    576 |    576 |      0 |    166 |    267 |   1 |  576.0 |
               +--------+--------+--------+--------+--------+-----+--------+

Top non-repeatable levels by time:
     D:1: 576 daAuts
